AoeStats
← Pwncakes

Arena

509116168Analyzed
3v3 RM · 7d ago on Sep 25, 2026· 49m 57s· 6 players
Game mode
Random Map
Map size
Normal (6 player)
Population
200
Speed
Normal
Resources
Standard
Victory
Conquest
Starting age
Dark Age
Ending age
Imperial Age
RankedLock teamsTeams togetherTeam positionsShared explorationLock speedFull tech treeHidden civsTurbo modeCheats
Victory
Defeat
🇺🇸 Danes · United States
1443
+14
🇮🇳 Persians · India
1395
+16
🇫🇷 Spanish · France
1381
+16
🇹🇼 Burgundians · Taiwan
1405
-16
🇹🇼 Italians · Taiwan
1385
-15
🇹🇼 Gurjaras · Taiwan
1384
-15
Pwncakes
9:03 Feudal Age
9:52 Feudal Age
10:52 Double-Bit Axe
14:03 Castle Age
14:07 Horse Collar
17:15 Bow Saw
17:58 Loom
18:54 Wheelbarrow
21:21 Fletching
30:41 Arson
30:57 Scale Mail Armor
34:21 Chain Mail Armor
34:09 Squires
34:21 Forging
33:35 Hamask
34:11 Gambesons
35:28 Hand Cart
36:58 Iron Casting
39:47 Imperial Age
37:29 Gold Mining
37:35 Stone Mining
39:58 Redemption
40:20 Bodkin Arrow
39:49 Elite Varangian Guard
40:51 Conscription
41:03 Plate Mail Armor
41:42 Blast Furnace
40:39 Bodkin Arrow
40:24 Onager
42:04 Elite Jomsviking
42:31 Capped Ram
44:31 Heavy Plow
44:32 Bracer
44:32 Siege Ram
45:52 Block Printing
45:58 Sanctity
48:04 Hoardings
49:46 Northmen's Fury
49:53 Siege Onager
ComptixG
10:07 Feudal Age
10:11 Feudal Age
14:31 Castle Age
12:33 Double-Bit Axe
15:25 Bow Saw
15:33 Fletching
21:21 Bodkin Arrow
23:10 Gold Mining
24:36 Padded Archer Armor
27:30 Horse Collar
28:18 Bloodlines
28:45 Leather Archer Armor
29:34 Town Watch
30:27 Loom
36:45 Imperial Age
35:43 Heavy Plow
37:24 Stone Mining
38:27 Husbandry
38:45 Elite Conquistador
40:05 Ring Archer Armor
41:26 Bracer
44:40 Wheelbarrow
Vu_PY
10:22 Feudal Age
14:28 Castle Age
12:32 Double-Bit Axe
12:28 Horse Collar
16:04 Loom
22:37 Bow Saw
27:13 Wheelbarrow
29:41 Stone Mining
36:44 Gold Mining
41:56 Imperial Age
40:03 Scale Barding Armor
40:10 Forging
40:37 Gold Shaft Mining
41:51 Chain Barding Armor
41:42 Bloodlines
41:34 Husbandry
41:38 Cavalier
43:01 Iron Casting
43:03 Stone Shaft Mining
42:47 Hand Cart
42:18 Town Watch
44:34 Chemistry
44:10 Plate Barding Armor
45:39 Blast Furnace
44:06 Savar
45:27 Ballistics
44:59 Fletching
44:38 Light Cavalry
45:34 Town Patrol
46:36 Two-Man Saw
45:37 Heavy Plow
49:24 Conscription
49:15 Citadels
49:02 Bodkin Arrow
49:18 Masonry
49:45 Scale Mail Armor
49:47 Caravan
50:19 Coinage
49:41 Heated Shot
49:48 Murder Holes
50:31 Hoardings
49:28 Sappers
50:01 Kamandaran
50:08 Padded Archer Armor
包皮特長的狗腿
10:19 Feudal Age
14:06 Castle Age
11:58 Double-Bit Axe
11:59 Horse Collar
13:23 Gold Mining
14:28 Loom
17:28 Fletching
20:22 Bodkin Arrow
22:03 Bow Saw
25:19 Wheelbarrow
29:29 Imperial Age
27:52 Heavy Plow
27:51 Stone Mining
30:15 Padded Archer Armor
30:16 Scale Mail Armor
32:07 Chain Mail Armor
33:20 Elite Skirmisher
35:22 Conscription
35:41 Bracer
35:58 Leather Archer Armor
35:56 Squires
37:42 Plate Mail Armor
38:02 Forging
39:10 Two-Man Saw
39:09 Arson
41:14 Ring Archer Armor
41:19 Iron Casting
打門五郎
8:42 Feudal Age
8:39 Loom
12:31 Castle Age
13:19 Double-Bit Axe
19:45 Redemption
19:44 Horse Collar
21:10 Sanctity
27:52 Bow Saw
28:39 Wheelbarrow
37:40 Gold Mining
37:53 Heavy Plow
39:43 Gold Shaft Mining
39:31 Hand Cart
39:28 Stone Mining
43:33 Imperial Age
41:25 Scale Barding Armor
41:31 Forging
43:36 Chain Barding Armor
43:52 Iron Casting
44:25 Bloodlines
43:39 Heavy Camel Rider
44:49 Bloodlines
45:17 Plate Barding Armor
44:53 Husbandry
46:26 Light Cavalry
47:22 Kshatriyas
47:38 Conscription
47:22 Hussar
打皮打皮
10:25 Feudal Age
11:10 Double-Bit Axe
11:29 Arson
13:27 Scale Mail Armor
18:06 Forging
30:09 Castle Age
28:11 Horse Collar
29:14 Heavy Plow
31:48 Elite Skirmisher
32:58 Padded Archer Armor
40:39 Imperial Age
41:26 Wheelbarrow
42:59 Chemistry
43:01 Conscription
42:51 Cavalier
43:32 Husbandry
45:03 Paladin
47:23 Leather Archer Armor
49:27 Scale Barding Armor
Connection lost

Rejoining the realm…

Still unreachable

The connection could not be restored.

Session expired

The server has moved on; the page needs a fresh start.